 Dungeon Crawl Stone Soup version 0.24-a0-203-gf0bc1e9 (webtiles) character file.

Game seed: 9375418001509637027

9200 Borgoz the Slicer (level 11, 0/72 HPs)
             Began as a Halfling Fighter on Mar 27, 2019.
             Was a Believer of Ashenzari.
             Succumbed to a spiny frog's poison
             ... on level 2 of the Lair of Beasts.
             The game lasted 00:23:01 (11563 turns).

Borgoz the Slicer (Halfling Fighter)               Turns: 11563, Time: 00:23:02

Health: 0/72       AC: 14    Str: 17    XL:     11   Next: 70%
Magic:  11/11      EV: 21    Int:  9    God:    Ashenzari [**....]
Gold:   512        SH:  0    Dex: 23    Spells: 10/10 levels left

rFire    + . .     SeeInvis .   k - +2 short sword (venom)
rCold    + . .     Gourm    .   (shield restricted)
rNeg     . . .     Faith    .   b - +0 scale mail
rPois    +         Spirit   .   d - +0 hat {Int+3}
rElec    +         Reflect  .   (no cloak)
rCorr    +         Harm     .   u - +0 pair of gloves
MR       .....                  e - +2 pair of boots
Stlth    +++.......             (no amulet)
HPRegen  0.22/turn              i - ring of stealth
MPRegen  0.12/turn              r - +5 ring of dexterity

@: lethally poisoned (0 -> -2), resistant
A: small, mutation resistance 1
a: Curse Item, Scrying, Renounce Religion


You were on level 2 of the Lair of Beasts.
You worshipped Ashenzari.
Ashenzari was pleased with you.
You were hungry.

You visited 3 branches of the dungeon, and saw 11 of its levels.

You collected 512 gold pieces.

Inventory:

Hand Weapons
 a - a +0 rapier
 k - a +2 short sword of venom (weapon)
Armour
 b - a +0 scale mail (worn)
 d - a +0 hat of intelligence (worn)
 e - a +2 pair of boots (worn)
 u - a +0 pair of gloves (worn)
 v - the +3 ring mail of the Arcane {rElec}
   (You found it on level 2 of the Lair of Beasts)

   It insulates you from electricity.
Jewellery
 c - an uncursed ring of ice
 h - an uncursed amulet of faith
 i - a ring of stealth (left hand)
 r - a +5 ring of dexterity (right hand)
Wands
 s - a wand of flame (17)
Scrolls
 j - 2 scrolls of amnesia
 m - 5 scrolls of remove curse
 n - 3 scrolls of fog
 o - 3 scrolls of blinking
 p - 7 scrolls of teleportation
 y - 2 scrolls of brand weapon {unknown}
 z - a scroll of fear {unknown}
Potions
 g - a potion of might
 l - 3 potions of mutation
 q - a potion of invisibility
 t - 2 potions of cancellation
 A - a potion of agility
Comestibles
 f - 9 rations


   Skills:
 + Level 5.3 Fighting
 * Level 11.7 Short Blades
 + Level 4.2 Throwing
 * Level 11.0 Armour
 * Level 10.6 Dodging
 - Level 5.0 Stealth
   Level 3.2 Shields


You had 10 spell levels left.
You didn't know any spells.
Your spell library contained the following spells:

 Spells                   Type           Power        Failure   Level  Hunger
 Animate Skeleton         Necr           N/A          71%         1    ##.....
 Apportation              Tloc           #.....       71%         1    ##.....
 Confusing Touch          Hex            #.....       71%         1    ##.....
 Magic Dart               Conj           #...         71%         1    ##.....
 Summon Small Mammal      Summ           #...         71%         1    ##.....
 Blink                    Tloc           N/A          85%         2    ###....
 Call Imp                 Summ           #.......     85%         2    ###....
 Slow                     Hex            #.......     85%         2    ###....
 Call Canine Familiar     Summ           #.......     97%         3    ####...
 Conjure Flame            Conj/Fire      #.......     97%         3    ####...
 Mephitic Cloud           Conj/Pois/Air  #.......     97%         3    ####...
 Summon Guardian Golem    Hex/Summ       #.......     97%         3    ####...
 Summon Ice Beast         Ice/Summ       #.......     100%        4    #####..
 Summon Lightning Spire   Summ/Air       #.......     100%        4    #####..


Dungeon Overview and Level Annotations

Branches:
Dungeon (8/15)             Temple (1/1) D:4            Lair (2/6) D:8
  Swamp: Lair:2-4    Shoals: Lair:2-4     Snake: Lair:2-4    Spider: Lair:2-4

Altars:
Ashenzari
Cheibriados
Dithmenos
Elyvilon
Fedhas
Gozag
Hepliaklqana
Kikubaaqudgha
Makhleb
Nemelex Xobeh
Okawaru
Qazlal
Ru
Sif Muna
Trog
Uskayaw
Vehumet
Wu Jian
Xom
Yredelemnul
Zin
The Shining One

Shops:
D:4 [

Annotations:
D:4 1 runed translucent door, MisterFreud's ghost, amateur OpGl


Innate Abilities, Weirdness & Mutations

You are small and have problems with some larger weapons.
You are somewhat resistant to further mutation.


Message History

* * * LOW HITPOINT WARNING * * *
You feel sick.
The bullfrog hits you but does no damage.
The bullfrog barely misses you. The bullfrog misses you.
* * * LOW HITPOINT WARNING * * *
You feel sick. The bullfrog closely misses you.
You see here the uncursed ring mail of the Arcane {rElec}.
v - the uncursed ring mail of the Arcane {rElec}
* * * LOW HITPOINT WARNING * * *
You feel sick. The bullfrog completely misses you.
The hippogriff closely misses you. x2; The hippogriff misses you.
The bullfrog misses you.
* * * LOW HITPOINT WARNING * * *
You feel sick. The bullfrog barely misses you.
* * * LOW HITPOINT WARNING * * *
You feel sick. The bullfrog misses you.
Found 17 gold pieces.
You die...

?...P.# ## ....$..## .##
.........#### . ..## #.#
#......P.##.. ...##...#
##P...........
#...†...###..........#..
####†...##.#...........#
.#P...#.....@.# P..
.............###...
##.#.......HF.#..#
...........#..##
..........#....P#
..................
.........#.#......
..........###.....
..P...##..####....


You could see a hippogriff and a bullfrog.

Vanquished Creatures
  Gastronok (Lair:1)
  An oklob plant (D:6)
  A spiny frog (Lair:1)
  2 komodo dragons
  2 hippogriffs
  A basilisk (Lair:1)
  6 yaks (Lair:1)
  2 water moccasins
  An ice beast (D:5)
  A porcupine (Lair:1)
  An orc warrior (D:8)
  4 ogres
  4 wolves
  A necrophage (D:5)
  3 crocodiles (Lair:1)
  4 bullfrogs
  A gnoll sergeant (D:8)
  4 scorpions
  3 killer bees (D:7)
  4 wights (D:8)
  A howler monkey (D:5)
  3 crimson imps
  A centaur zombie (D:7)
  3 hounds
  13 jellies
  8 orc wizards
  A bullfrog skeleton (D:8)
  A centaur skeleton (D:8)
  2 iguanas
  3 worker ants
  Terence (D:3)
  Robin (D:4)
  6 adders
  12 gnolls
  9 oozes
  An adder zombie (D:6)
  5 worms
  4 dart slugs
  7 leopard geckos
  29 orcs
  2 ball pythons
  3 giant cockroaches
  14 hobgoblins
  4 jackals (D:5)
  7 kobolds
  2 quokkas
  8 bats
  3 frilled lizards
  17 goblins
  A quokka skeleton (D:5)
  10 rats
229 creatures vanquished.

Vanquished Creatures (others)
  7 fungi
  27 plants
34 creatures vanquished.

Grand Total: 263 creatures vanquished

Notes
Turn   | Place    | Note
-------+----------+-------------------------------------------
     0 | D:1      | Borgoz the Halfling Fighter began the quest for the Orb.
     0 | D:1      | Reached XP level 1. HP: 15/15 MP: 1/1
   120 | D:1      | Reached XP level 2. HP: 20/20 MP: 2/2
   162 | D:1      | Reached skill level 1 in Dodging
   337 | D:1      | Reached XP level 3. HP: 23/25 MP: 3/3
  1082 | D:2      | Noticed an ogre
  1088 | D:2      | Killed an ogre
  1088 | D:2      | Reached XP level 4. HP: 31/31 MP: 4/4
  1088 | D:2      | Reached XP level 5. HP: 36/36 MP: 5/5
  1424 | D:2      | Found a deep blue altar of Sif Muna.
  1426 | D:2      | Found an iron altar of Okawaru.
  1825 | D:3      | Noticed Terence
  1840 | D:3      | Killed Terence
  1847 | D:3      | Reached XP level 6. HP: 23/42 MP: 6/6
  2068 | D:3      | Found a glowing silver altar of Zin.
  2709 | D:4      | Found Gubisirgh's Antique Armour Emporium.
  2800 | D:4      | Noticed Robin
  2809 | D:4      | Killed Robin
  2810 | D:4      | Found a burning altar of Makhleb.
  2903 | D:4      | Noticed MisterFreud's ghost (amateur OpGl)
  3001 | D:4      | Found a runed translucent door.
  3017 | D:4      | Noticed an ogre
  3025 | D:4      | Killed an ogre
  3296 | D:4      | Found a staircase to the Ecumenical Temple.
  3366 | Temple   | Entered the Ecumenical Temple
  3501 | Temple   | Became a worshipper of Ashenzari the Shackled
  3538 | D:4      | Found an ancient bone altar of Kikubaaqudgha.
  3635 | D:4      | Reached skill level 1 in Stealth
  3635 | D:4      | Reached XP level 7. HP: 44/46 MP: 7/7
  3793 | D:5      | Entered Level 5 of the Dungeon
  3829 | D:5      | Reached skill level 1 in Throwing
  3829 | D:5      | Reached skill level 5 in Armour
  3853 | D:5      | Reached skill level 5 in Short Blades
  4346 | D:5      | Found a shimmering altar of Xom.
  4575 | D:5      | Reached XP level 8. HP: 38/54 MP: 8/8
  5701 | D:6      | Reached skill level 5 in Dodging
  6045 | D:6      | Noticed an oklob plant
  6100 | D:5      | Reached skill level 10 in Short Blades
  6100 | D:5      | Reached XP level 9. HP: 23/58 MP: 9/9
  6652 | D:6      | Reached XP level 10. HP: 46/64 MP: 10/10
  7043 | D:6      | Killed an oklob plant
  7043 | D:6      | Reached skill level 10 in Armour
  7435 | D:7      | Found a glowing golden altar of the Shining One.
  7493 | D:7      | Reached * piety under Ashenzari
  7738 | D:7      | Found a shimmering altar of Xom.
  7748 | D:7      | Found a shimmering altar of Xom.
  7748 | D:7      | Found a shimmering altar of Xom.
  7748 | D:7      | Found a shimmering altar of Xom.
  7759 | D:7      | Found a shimmering altar of Xom.
  7759 | D:7      | Found a shimmering altar of Xom.
  7994 | D:7      | Found a snail-covered altar of Cheibriados.
  9045 | D:8      | Found a staircase to the Lair.
  9048 | D:8      | Noticed a komodo dragon
  9082 | D:8      | Killed a komodo dragon
  9557 | D:8      | Reached skill level 10 in Dodging
  9679 | Lair:1   | Entered Level 1 of the Lair of Beasts
  9794 | Lair:1   | Reached XP level 11. HP: 70/70 MP: 11/11
  9800 | Lair:1   | Noticed Gastronok
  9840 | Lair:1   | Killed Gastronok
  9840 | Lair:1   | Reached skill level 5 in Fighting
 10740 | Lair:1   | Reached ** piety under Ashenzari
 10891 | Lair:2   | Noticed an eight-headed hydra
 11542 | Lair:1   | Reached skill level 5 in Stealth
 11555 | Lair:2   | HP: 3/72 [poisoned by a spiny frog]
 11558 | Lair:2   | Got the uncursed ring mail of the Arcane {rElec}
 11560 | Lair:2   | HP: 1/72 [poisoned by a spiny frog]
 11563 | Lair:2   | Succumbed to a spiny frog's poison

Levels and vault maps discovered:
D:1:      dpeg_arrival_three_bigger_balls, layout_basic, lemuel_old_faithful
D:2:      minmay_angry_zag, layout_loops_ring, nicolae_overflow_hidden_temple,
          minmay_door_square, chequers_serial_rivers_small_3
D:3:      layout_loops_cross, marbit_many_paths, uniq_terence
D:4:      layout_basic, lemuel_crystal_altar,
          minmay_temple_entry_enclosed_plants, serial_shops, shop,
          hellmonk_ghost_happy_afterlife, first_ration, bloody_makhleb,
          uniq_robin
D:5:      cheibrodos_helix_gallery, layout_loops_corners, basic_altar
D:6:      lemuel_slime, layout_basic, serial_corexii_hall,
          chequers_hall_statues_y, corexii_hall_statues_u,
          kennysheep_generic_room_15
D:7:      layout_loops_corners, cheibriados_altar_1, tso_metal_star,
          xom_redecorated
D:8:      layout_loops_ring, david_lair_shrubbed
Temple:   eino_temple_scatter_basement
Lair:1:   layout_cave_pods, uniq_gastronok
Lair:2:   layout_misc_corridors

Skill      XL: |  1  2  3  4  5  6  7  8  9 10 11 |
---------------+----------------------------------+-----
Dodging        | 1 2 3 4 9 10 | 10.6
Short Blades   | 3 4 5 10 11 | 11.7
Fighting       | 3 4 5 |  5.3
Armour         | 4 5 9 10 11 | 11.0
Stealth        | 1 2 3 4 5 |  5.0
Throwing       | 1 2 3 4 |  4.2
Shields        | |  3.2

Action                   |  1- 3 |  4- 6 |  7- 9 | 10-12 || total
-------------------------+-------+-------+-------+-------++-------
Melee: Rapier            |    86 |    78 |       |       ||   164
       Short sword       |       |    89 |   264 |   516 ||   869
Evoke: Wand              |       |       |       |     7 ||     7
  Use: Potion            |     2 |     2 |     1 |     3 ||     8
       Scroll            |       |    11 |     7 |     2 ||    20
 Stab: Sleeping          |       |     3 |     1 |    10 ||    14
       Distracted        |       |     1 |     2 |       ||     3
  Eat: Chunk             |       |     9 |     7 |    14 ||    30
       Ration            |       |       |     1 |       ||     1
Armor: Scale mail        |    30 |    30 |    83 |    78 ||   221
       Leather armour    |       |     9 |       |       ||     9
Dodge: Dodged            |    61 |   110 |   216 |   342 ||   729

Table legend:
 A = Non-vault XP
 B = Vault XP
 C = Vault XP percentage of total XP
 D = Non-vault monster count
 E = Vault monster count
 F = Vault count percentage of total count
                 A         B        C        D         E       F
            +---------+---------+-------+---------+---------+-------
      Total |    7381 |    3997 |  35.1 |     187 |      42 |  18.3
            +---------+---------+-------+---------+---------+-------
        D:1 |      45 |       0 |   0.0 |      27 |       0 |   0.0
        D:2 |     158 |      17 |   9.7 |      18 |       3 |  14.3
        D:3 |      62 |      34 |  35.4 |      22 |       2 |   8.3
        D:4 |     194 |      40 |  17.1 |       4 |      13 |  76.5
        D:5 |     526 |     100 |  16.0 |      18 |       2 |  10.0
        D:6 |     637 |    1085 |  63.0 |      21 |      20 |  48.8
        D:7 |    1039 |       0 |   0.0 |      28 |       0 |   0.0
        D:8 |    1421 |     383 |  21.2 |      31 |       1 |   3.1
     Lair:1 |    2942 |    2338 |  44.3 |      15 |       1 |   6.2
     Lair:2 |     357 |       0 |   0.0 |       3 |       0 |   0.0
            +---------+---------+-------+---------+---------+-------
